 Dungeon Crawl Stone Soup version 0.29.1-4-g47bece8355 (webtiles) character file.

Game seed: 1589044883775234628

709 GorkyZ the Covered (level 7, -1/44 HPs)
             Began as a Gargoyle Fighter on Dec 3, 2022.
             Was an Initiate of Gozag.
             Hit by a boomerang thrown by an orc (5 damage)
             ... on level 4 of the Dungeon.
             The game lasted 00:14:41 (5020 turns).

GorkyZ the Covered (Gargoyle Fighter)               Turns: 5020, Time: 00:14:42

Health: -1/44      AC: 13    Str: 22    XL:     7   Next: 68%
Magic:  7/7        EV: 10    Int:  8    God:    Gozag
Gold:   393        SH:  5    Dex:  9    Spells: 6/6 levels left

rFire   . . .      SeeInvis .   n - +1 mace of Discomfort {holy, Will+}
rCold   . . .      Faith    .   c - +1 buckler
rNeg    + . .      Spirit   .   b - +0 scale mail
rPois   ∞          Reflect  .   (no helmet)
rElec   +          Harm     .   (no cloak)
rCorr   .          Rampage  .   (no gloves)
Will    ++...                   f - +0 pair of boots
Stlth   ..........              (no amulet)
HPRegen 0.14/turn               w - ring of willpower
MPRegen 0.10/turn               (no ring)

@: no status effects
A: sickness immunity, AC +4, negative energy resistance 1, electricity
resistance, torment resistance 1, petrification resistance
a: Renounce Religion, Potion Petition, Call Merchant, Bribe Branch


You were on level 4 of the Dungeon.
You worshipped Gozag.
Gozag was aware of your devotion.
You visited 1 branch of the dungeon, and saw 5 of its levels.

You collected 627 gold pieces.
You spent 216 gold pieces at shops.
You paid 18 gold pieces to Gozag.

Inventory:

Hand Weapons
 a - a +1 flail
 g - a +2 dagger of venom
 n - the +1 mace of Discomfort (weapon) {holy, Will+}
   (You found it on level 2 of the Dungeon)

   It has been blessed by the Shining One to cause great damage to the undead
   and demons.
   Will:      It increases your willpower.
 y - a +0 vorpal battleaxe
Missiles
 e - 6 boomerangs (quivered)
 i - 11 poisoned darts
 j - 2 curare-tipped darts
 o - 2 throwing nets
Armour
 b - a +0 scale mail (worn)
 c - a +1 buckler (worn)
 f - a +0 pair of boots (worn)
Jewellery
 w - a ring of willpower (left hand)
Wands
 A - a wand of charming (9)
Scrolls
 h - a scroll of vulnerability
 l - a scroll of amnesia
Potions
 d - 2 potions of might
 s - 2 potions of mutation
 x - 2 potions of magic {unknown}
 B - a potion of ambrosia {unknown}
 C - a potion of brilliance {unknown}
 D - a potion of haste {unknown}


   Skills:
 + Level 4.7 Fighting
 + Level 3.6 Maces & Flails
 + Level 2.4 Throwing
 + Level 4.7 Armour
 + Level 2.2 Dodging
 + Level 4.6 Shields
 + Level 2.4 Evocations


You had 6 spell levels left.
You didn't know any spells.
Your spell library contained the following spells:

 Spells                   Type           Power      Damage    Failure   Level
 Freeze                   Ice            0%         1d3       80%         1
 Frozen Ramparts          Ice            0%         1d1       99%         3
 Hailstorm                Conj/Ice       0%         3d3       100%        4


Dungeon Overview and Level Annotations

Branches:
Dungeon (5/15)             Temple (0/1) D:4

Altars:
Gozag
Xom

Shops:
D:3 :=**(

Annotations:
D:5 Pikel


Innate Abilities, Weirdness & Mutations

You are immune to sickness and miasma.
Your stone body is resilient. (AC +4)
You are immune to poison.
You resist negative energy. (rN+)
You are resistant to electric shocks. (rElec)
You are resistant to unholy torment.
You are immune to petrification.


Message History

The orc warrior is severely wounded.
You block the orc warrior's attack.
Okay, then.
Unknown command.
You hit the orc warrior but do no damage.
The orc warrior is severely wounded.
The orc warrior hits you but does no damage.
You hit the orc warrior.
The orc warrior is severely wounded.
The orc warrior barely misses you.
The orc warrior hits you but does no damage.
You closely miss the orc warrior.
The orc warrior is severely wounded.
You block the orc warrior's attack.
You hit the orc warrior.
The orc warrior is almost dead.
You block the orc warrior's attack.
You barely miss the orc warrior.
The orc warrior is almost dead.
The orc warrior hits you with a +0 long sword.
* * * LOW HITPOINT WARNING * * *
You hit the orc warrior.
The orc warrior is almost dead.
The orc warrior barely misses you.
You hit the orc warrior.
You kill the orc warrior!
Things that are here:
6 gold pieces; a +0 long sword; a +0 chain mail
Okay, then.
The orc throws a boomerang.
The boomerang barely misses you. The orc hits you but does no damage.
The orc hits you but does no damage.
The orc throws a boomerang.
The boomerang closely misses you. The orc closely misses you.
The orc attacks as you move away! The orc hits you but does no damage.
The orc throws a boomerang.
The boomerang hits you but does no damage.
The orc throws a boomerang.
The boomerang hits you.
You die...
Your body crumbles into a pile of gold.

...###.#..........#...##.#.#
..............##..#......#.##
............................#
......##..........#......#..##
........................>....####
.................#...##.........$
.........#...........##......###.
##.......#.........o.###....## #.
#..............@..o.o.o#.#.####.
##...?.................5.........
##.......##.#.......#####.#.#####
##......###.#........####.#.#
##......# #...............#.#
##......###.o#........#######
...........).#....#......#
....####...#.#.#......##.#
###.........###....#####.#


You could see a lemure and 5 orcs.

Vanquished Creatures
  Menkaure (D:4)
  An orc warrior (D:4)
  2 scorpions (D:5)
  An orc priest (D:5)
  2 hounds (D:4)
  3 iguanas
  2 orc wizards (D:5)
  3 gnolls
  4 adders
  3 worms
  4 dart slugs
  2 orcs
  10 endoplasms
  6 giant cockroaches (D:1)
  9 goblins
  8 hobgoblins
  4 kobolds
  4 quokkas
  5 ball pythons
  4 bats
  5 frilled lizards
  9 rats
92 creatures vanquished.

Notes
Turn   | Place    | Note
-------+----------+-------------------------------------------
     0 | D:1      | GorkyZ the Gargoyle Fighter began the quest for the Orb.
     0 | D:1      | Reached XP level 1. HP: 14/14 MP: 1/1
   104 | D:1      | Reached XP level 2. HP: 17/19 MP: 2/2
   519 | D:1      | Reached XP level 3. HP: 20/23 MP: 3/3
   748 | D:1      | Found a faded altar of an unknown god.
  1011 | D:2      | Found an opulent altar of Gozag.
  1017 | D:2      | Became a worshipper of Gozag Ym Sagoz the Greedy
  1077 | D:2      | Identified the +1 mace of Discomfort {holy, Will+}
  1554 | D:2      | Reached skill level 1 in Evocations
  1554 | D:2      | Reached XP level 4. HP: 27/29 MP: 4/4
  1809 | D:2      | Reached skill level 1 in Throwing
  2165 | D:3      | Found Qelust's Weapon Emporium.
  2170 | D:3      | Found Urit's Assorted Antiques.
  2176 | D:3      | Bought a scroll labelled ZESEOS NEICOI for 27 gold pieces
  2176 | D:3      | Bought a scroll labelled EHIT DANWOCRAP for 27 gold pieces
  2176 | D:3      | Bought a scroll labelled FUJUIWKAFIOL for 27 gold pieces
  2176 | D:3      | Bought a small peridot ring for 135 gold pieces
  2186 | D:3      | Reached skill level 1 in Dodging
  2270 | D:3      | Found Puevoh's Assorted Antiques.
  2424 | D:3      | Found a shimmering altar of Xom.
  2503 | D:3      | Found Jid Iby's Book Shop.
  2650 | D:3      | Found an opulent altar of Gozag.
  2711 | D:3      | Found Jaetze's Jewellery Shop.
  2777 | D:4      | Noticed Menkaure
  2783 | D:4      | Killed Menkaure
  2784 | D:4      | Reached XP level 5. HP: 16/33 MP: 5/5
  2803 | D:4      | Reached XP level 6. HP: 21/38 MP: 6/6
  3405 | D:4      | Found a staircase to the Ecumenical Temple.
  3987 | D:5      | Entered Level 5 of the Dungeon
  4095 | D:5      | Reached XP level 7. HP: 28/44 MP: 7/7
  4112 | D:5      | HP: 2/44 [iguana (2)]
  4758 | D:5      | Noticed Pikel
  4991 | D:4      | HP: 1/44 [orc warrior/+0 long sword (6)]
  4997 | D:4      | HP: 1/44 [orc warrior/+0 long sword (1)]
  5020 | D:4      | Hit by a boomerang thrown by an orc

Illustrated notes

Levels and vault maps discovered:
D:1:      erik_arrival_cave_to_civilisation [erik_arrival_cave_to_hall],
          layout_rooms, dreamdust_ecumenical_altar_angels_and_demons,
          minmay_worlds_worst_comb
D:2:      layout_loops_cross, basic_altar, minmay_tetromino_o4
D:3:      layout_basic, marbit_many_paths, tgw_xom, serial_shops,
          nicolae_shop_crystal, shop, nicolae_shop_behind_doors, shop,
          nicolae_shop_overgrown_old_shop, minmay_cupped
D:4:      layout_basic, minmay_temple_entry_arrows, uniq_menkaure
D:5:      layout_cave_pools, okawaru_altar_gauntlet_db, gammafunk_ghost_grave,
          minmay_misc_feat_more_columns, amcnicky_mini_pool_medium, uniq_pikel

Skill      XL: |  1  2  3  4  5  6  7 |
---------------+----------------------+-----
Evocations     | 1 2 |  2.4
Throwing       | 1 2 |  2.4
Dodging        | 1 2 |  2.2
Fighting       | 4 |  4.7
Armour         | 4 |  4.7
Shields        | 4 |  4.6
Maces & Flails | 3 |  3.6

Action                   |  1- 3 |  4- 6 |  7- 9 || total
-------------------------+-------+-------+-------++-------
Melee: Flail             |    11 |       |       ||    11
       Dagger            |   104 |    25 |       ||   129
       Mace              |       |   146 |    87 ||   233
Throw: Boomerang         |       |    17 |       ||    17
  Use: Scroll            |       |    11 |     3 ||    14
       Potion            |       |       |     5 ||     5
 Stab: Distracted        |       |     1 |       ||     1
Armor: Scale mail        |    57 |   113 |    82 ||   252
Dodge: Dodged            |    43 |   101 |   104 ||   248
Block: Buckler           |    19 |    47 |    51 ||   117
